AoeStats
← 381855661

Arabia

510478941Analyzed
1v1 RM · 10h ago on Oct 1, 2026· 43m 14s· 2 players
Game mode
Random Map
Map size
Tiny (2 player)
Population
200
Speed
Normal
Resources
Standard
Victory
Conquest
Starting age
Dark Age
Ending age
Imperial Age
RankedLock teamsTeams togetherTeam positionsShared explorationLock speedFull tech treeHidden civsTurbo modeCheats
Victory
Defeat
🇨🇳 Bulgarians · China
921
+20
🇹🇷 Mongols · Türkiye
1002
-20
V i o l e t
7:06 Loom
9:11 Feudal Age
10:35 Double-Bit Axe
12:38 Horse Collar
14:57 Forging
17:05 Stone Mining
17:09 Gold Mining
21:31 Castle Age
22:42 Bow Saw
25:20 Fletching
27:33 Heavy Plow
28:29 Bodkin Arrow
32:12 Scale Barding Armor
32:08 Padded Archer Armor
34:44 Imperial Age
32:24 Husbandry
32:34 Bloodlines
33:20 Ballistics
33:33 Chain Barding Armor
37:08 Gold Shaft Mining
37:09 Stone Shaft Mining
38:19 Chemistry
39:41 Wheelbarrow
39:08 Bracer
40:35 Elite Mangudai
40:46 Elite Steppe Lancer
43:10 Leather Archer Armor
43:29 Conscription
381855661
7:09 Loom
9:50 Feudal Age
10:40 Double-Bit Axe
10:36 Horse Collar
20:13 Castle Age
19:28 Gold Mining
21:30 Bow Saw
21:21 Heavy Plow
23:36 Wheelbarrow
24:03 Squires
23:24 Pikeman
25:04 Town Watch
25:56 Bloodlines
25:46 Husbandry
26:13 Scale Barding Armor
26:18 Forging
26:52 Light Cavalry
30:37 Chain Barding Armor
30:52 Iron Casting
30:47 Padded Archer Armor
31:29 Thumb Ring
31:05 Elite Skirmisher
32:31 Gold Shaft Mining
31:47 Stone Mining
32:37 Fletching
33:03 Leather Archer Armor
36:02 Imperial Age
33:47 Hand Cart
34:28 Stone Shaft Mining
35:09 Town Patrol
35:06 Bodkin Arrow
35:22 Gambesons
35:39 Stirrups
37:17 Conscription
37:07 Bracer
37:44 Plate Barding Armor
38:10 Blast Furnace
39:50 Ballistics
40:30 Chemistry
39:51 Hussar
42:26 Scale Mail Armor
42:15 Halberdier
43:13 Chain Mail Armor
Connection lost

Rejoining the realm…

Still unreachable

The connection could not be restored.

Session expired

The server has moved on; the page needs a fresh start.